 Dungeon Crawl Stone Soup version 0.30-a0-924-g0ad0bf95bc (webtiles) character file.

Game seed: 4849028622969693447

4341 IdlyInterested the Basher (level 10, -4/71 HPs)
             Began as a Demonspawn Gladiator on Mar 22, 2023.
             Slain by a spriggan
             ... wielding a +0 trident
              (9 damage)
             ... in a bailey.
             The game lasted 00:22:53 (7279 turns).

IdlyInterested the Basher (Demonspawn Gladiator)    Turns: 7279, Time: 00:22:54

Health: -4/71      AC: 11    Str: 19    XL:     10   Next: 12%
Magic:  11/11      EV: 13    Int: 10    God:
Gold:   96         SH:  5    Dex: 14    Spells: 9/9 levels left

rFire   . . .      SeeInvis .    l - +0 morningstar (venom)
rCold   . . .      Faith    .    b - +0 buckler
rNeg    . . .      Spirit   .    w - +0 chain mail
rPois   .          Reflect  .    (helmet restricted)
rElec   .          Rampage  .    (no cloak)
rCorr   .                        C - +0 pair of gloves
Will    +....                    E - +0 pair of boots Stlth
                                 (no amulet)
HPRegen 0.31/turn                i - +5 ring of evasion
MPRegen 0.24/turn                t - ring of willpower

@: studying Ranged Weapons
A: horns 2, ignite blood 3, magic regeneration
a: no special abilities


You were in a bailey.
You visited 2 branches of the dungeon, and saw 8 of its levels.
You also visited: Sewer and Bailey.

You collected 375 gold pieces.
You spent 279 gold pieces at shops.

Inventory:

Hand Weapons
 l - a +0 morningstar of venom (weapon)
 u - the +5 short sword of Flying Woe {drain, rElec rN+}
   (You found it on level 4 of the Dungeon)

   rElec:     It insulates you from electricity.
   rN:        It protects you from negative energy.
 A - a +2 whip of flaming
 F - the +3 broad axe of Piwkux {spect, *Noise rPois rN+++ MP+9}
   (You bought it in a shop on level 5 of the Dungeon)

   rPois:     It protects you from poison.
   rN:        It renders you almost immune to negative energy.
   MP:        It affects your magic capacity (+9).
   *Noise:    It may make noises in combat.
Missiles
 d - 3 throwing nets
 e - a javelin
 f - 37 stones (quivered)
 j - 12 poisoned darts
Armour
 b - a +0 buckler (worn)
 k - a +0 pair of boots
 p - a +0 pair of boots
 w - a +0 chain mail (worn)
 x - a +2 robe of fire resistance
 C - a +0 pair of gloves (worn)
 D - the +1 robe of Thoughtfulness {Int+4 Stlth+}
   (You found it on level 6 of the Dungeon)

   Int:       It affects your intelligence (+4).
   Stlth:     It makes you more stealthy.
 E - a +0 pair of boots (worn)
Jewellery
 i - a +5 ring of evasion (left hand)
 t - a ring of willpower (right hand)
Wands
 r - a wand of flame (43)
 y - a wand of roots (8)
Scrolls
 c - 4 scrolls of immolation
 m - 2 scrolls of vulnerability
 v - 4 scrolls of teleportation
 B - a scroll of fog {unknown}
 G - a scroll of identify
Potions
 a - a potion of ambrosia {unknown}
 g - 2 potions of flight
 h - a potion of haste
 n - 2 potions of heal wounds
 o - 4 potions of curing
 q - 2 potions of invisibility
 s - a potion of cancellation
 z - 2 potions of might
 H - a potion of degeneration {unknown}


   Skills:
 - Level 4.0 Fighting
 * Level 11.8 Maces & Flails
 - Level 2.0 Throwing
 - Level 4.0 Armour
 - Level 3.0 Dodging
 - Level 2.0 Stealth
 - Level 3.0 Shields
 + Level 2.3 Invocations
 - Level 1.0 Evocations


You had 9 spell levels left.
You didn't know any spells.
Your spell library was empty.

Dungeon Overview and Level Annotations

Branches:
Dungeon (7/15)             Temple (1/1) D:4           Sewer (visited)
 Bailey (1/1)

Altars:
Cheibriados
Dithmenos
Fedhas
Gozag
Hepliaklqana
Kikubaaqudgha
Makhleb
Nemelex Xobeh
Okawaru
Qazlal
Ru
Sif Muna
Trog
Uskayaw
Vehumet
Wu Jian
Xom
Yredelemnul

Shops:
D:5 (


Innate Abilities, Weirdness & Mutations

You have a pair of horns on your head.
Your demonic aura causes all spilled blood to erupt in flames.
You regenerate magic rapidly.


Message History

You closely miss the spriggan.
The spriggan is moderately wounded.
The spriggan hits you with a +0 spear.
* * * LOW HITPOINT WARNING * * *
The spriggan hits you but does no damage.
The spriggan hits you with a +0 trident.
* * * LOW HITPOINT WARNING * * *
You miss the spriggan.
The spriggan is moderately wounded.
The spriggan barely misses you.
The spriggan hits you from afar with a +0 spear.
* * * LOW HITPOINT WARNING * * *
The spriggan closely misses you.
Unknown command.
You feel much better. The spriggan closely misses you.
The spriggan hits you from afar with a +0 spear!
* * * LOW HITPOINT WARNING * * *
The spriggan hits you with a +0 trident.
* * * LOW HITPOINT WARNING * * *
You closely miss the spriggan. Your headbutt misses the spriggan.
The spriggan is moderately wounded.
The spriggan barely misses you.
The spriggan hits you but does no damage. x2
Unknown command.
You closely miss the spriggan.
The spriggan is moderately wounded.
You block the spriggan's attack.
The spriggan hits you but does no damage.
The spriggan barely misses you.
You miss the spriggan.
The spriggan is moderately wounded.
The spriggan barely misses you. The spriggan completely misses you.
The spriggan closely misses you.
You hit the spriggan.
The spriggan is poisoned.
You headbutt the spriggan.
The spriggan is heavily wounded.
The spriggan misses you.
The spriggan hits you from afar with a +0 spear!
* * * LOW HITPOINT WARNING * * *
The spriggan hits you with a +0 trident!
You die...

##.......#
##.).......#
##).#♣#####..
##..## #.
##..#♣ #..##
#..# #i.#
#i@# #..#
#.i# #..##
##..# ##))#
##.i. #....
#.....


You could see 3 spriggans.

Vanquished Creatures
  The ghost of Twinkles the Cleaver, a novice HORe of Elyvilon (D:6)
  Pikel (D:7)
  An ugly thing (D:6)
  A hornet (D:7)
  A spriggan (Bailey)
  A wraith (D:5)
  Menkaure (D:6)
  A water moccasin (D:6)
  Duvessa (D:5)
  4 ice beasts
  A sky beast (D:7)
  A black bear (D:5)
  5 ogres
  2 centaurs (D:6)
  2 scorpions
  Dowan (D:5)
  A howler monkey (D:5)
  2 jellies
  A gnoll bouda (D:5)
  8 hounds
  2 sleepcaps
  Ijyb (D:5)
  3 iguanas
  A hell rat (Sewer)
  5 orc wizards
  3 river rats (D:6)
  13 adders
  2 ufetubi (D:5)
  3 worms
  4 dart slugs
  15 orcs
  5 endoplasms
  8 goblins
  6 hobgoblins
  2 jackals (D:3)
  2 quokkas
  5 ball pythons
  3 bats (D:1)
  A frilled lizard (D:2)
  7 kobolds
  15 rats
143 creatures vanquished.

Vanquished Creatures (others)
  3 plants (D:4)
3 creatures vanquished.

Grand Total: 146 creatures vanquished

Notes
Turn   | Place    | Note
-------+----------+-------------------------------------------
     0 | D:1      | IdlyInterested the Demonspawn Gladiator began the quest for
                  | the Orb.
     0 | D:1      | Reached XP level 1. HP: 16/16 MP: 1/1
   208 | D:1      | Reached skill level 3 in Maces & Flails
   272 | D:1      | Gained mutation: You have a pair of small horns on your
                  | head. [demonic ancestry]
   272 | D:1      | Reached XP level 2. HP: 22/22 MP: 2/2
   993 | D:2      | Gained mutation: Your demonic aura sometimes causes spilled
                  | blood to erupt in flames. [demonic ancestry]
   993 | D:2      | Reached XP level 3. HP: 22/27 MP: 3/3
  1062 | D:2      | Found a faded altar of an unknown god.
  1392 | D:2      | Found Qulybask's Book Shop.
  1716 | D:3      | Reached skill level 1 in Armour
  2415 | D:4      | Gained mutation: Your demonic aura often causes spilled
                  | blood to erupt in flames. [demonic ancestry]
  2415 | D:4      | Reached XP level 4. HP: 33/33 MP: 4/4
  2425 | D:4      | Reached skill level 4 in Maces & Flails
  2425 | D:4      | Reached skill level 1 in Stealth
  2569 | D:4      | Noticed a scorpion
  2574 | D:4      | Killed a scorpion
  2575 | D:4      | Reached skill level 1 in Shields
  2575 | D:4      | Gained mutation: Your demonic aura causes all spilled blood
                  | to erupt in flames. [demonic ancestry]
  2575 | D:4      | Reached XP level 5. HP: 38/38 MP: 5/5
  2611 | D:4      | Reached skill level 5 in Maces & Flails
  2630 | D:4      | Reached skill level 1 in Invocations
  2895 | D:4      | Found a staircase to the Ecumenical Temple.
  2917 | D:4      | Gained mutation: You regenerate magic rapidly. [demonic
                  | ancestry]
  2917 | D:4      | Reached XP level 6. HP: 18/44 MP: 6/6
  2919 | Temple   | Entered the Ecumenical Temple
  3340 | D:4      | Identified the +5 short sword of Flying Woe {drain, rElec
                  | rN+}
  3396 | D:4      | Reached skill level 1 in Evocations
  3561 | D:4      | Found an iron altar of Okawaru.
  3561 | D:4      | Found a snail-covered altar of Cheibriados.
  3815 | D:5      | Entered Level 5 of the Dungeon
  3945 | D:5      | Reached skill level 6 in Maces & Flails
  3951 | D:5      | Found Fodwoyb's Antique Weapon Shop.
  3979 | D:5      | Gained mutation: You have a pair of horns on your head.
                  | [demonic ancestry]
  3979 | D:5      | Reached XP level 7. HP: 45/51 MP: 7/7
  4000 | D:5      | Noticed Duvessa
  4003 | D:5      | Noticed Dowan
  4006 | D:5      | Killed Duvessa
  4023 | D:5      | Killed Dowan
  4104 | D:5      | Reached skill level 7 in Maces & Flails
  4173 | D:5      | Noticed a wraith
  4188 | D:5      | Killed a wraith
  4231 | D:5      | Noticed Ijyb
  4234 | D:5      | Reached XP level 8. HP: 50/60 MP: 8/8
  4245 | D:5      | Killed Ijyb
  4724 | D:6      | Reached skill level 8 in Maces & Flails
  4957 | D:6      | Found a glowing drain.
  4961 | Sewer    | Entered a sewer
  5522 | D:6      | Reached skill level 9 in Maces & Flails
  5536 | D:6      | Identified the +1 robe of Thoughtfulness {Int+4 Stlth+}
  5732 | D:6      | Found a runed translucent gate.
  5733 | D:6      | Found a runed translucent gate.
  5734 | D:6      | Found a runed translucent gate.
  5735 | D:6      | Found an opulent altar of Gozag.
  5736 | D:6      | Noticed a white ugly thing
  5736 | D:6      | Noticed Twinkles's ghost (novice HORe)
  5891 | D:6      | Noticed Menkaure
  5896 | D:6      | Killed Menkaure
  5897 | D:6      | Reached XP level 9. HP: 22/65 MP: 9/9
  6054 | D:5      | Bought a smoking broad axe for 279 gold pieces
  6054 | D:5      | Identified the +3 broad axe of Piwkux {spect, *Noise rPois
                  | rN+++ MP+9} (You bought it in a shop on level 5 of the
                  | Dungeon)
  6511 | D:6      | Killed a white ugly thing
  6512 | D:6      | Reached skill level 10 in Maces & Flails
  6518 | D:6      | Killed Twinkles's ghost
  6660 | D:7      | Noticed Pikel
  6667 | D:7      | Killed Pikel
  6668 | D:7      | Reached skill level 11 in Maces & Flails
  7028 | D:7      | Found a flagged portal.
  7036 | D:7      | Paralysed by a hornet for 3 turns
  7044 | D:7      | Reached XP level 10. HP: 35/71 MP: 10/10
  7045 | Bailey   | Entered a bailey
  7279 | Bailey   | Slain by a spriggan

Illustrated notes

Levels and vault maps discovered:
D:1:      evilmike_arrival_crescent, layout_basic, st_stairs_8
D:2:      layout_basic, serial_shops, nicolae_shop_stone,
          hellmonk_ecumenical_altar_slurped_away, st_stairs_6
D:3:      layout_basic, minmay_misc_feat_encased, minmay_misc_feat_x,
          chequers_garden, st_stairs_12
D:4:      layout_loops_ring, chequers_temple_overflow_statue_of_worship,
          minmay_temple_entry_arrows, chequers_big_river, minmay_starry_boxes
D:5:      layout_gridville, serial_shops, nicolae_shop_overgrown_old_shop,
          minmay_misc_feat_more_columns, minmay_manual_mail, uniq_duvessa,
          uniq_ijyb
D:6:      layout_basic, ebering_ghost_gozag, lightli_sewer_entry_pipes,
          uniq_menkaure
D:7:      layout_basic, lemuel_coloured_pillars_altar, enter_bailey_5,
          uniq_pikel, uniq_crazy_yiuf_cottage, uniq_prince_ribbit1
Temple:   mainiacjoe_temple_bowtie_tessellation
Bailey:   bailey_polearm_enchanted_keep_hellmonk, bailey

Skill      XL: |  1  2  3  4  5  6  7  8  9 10 |
---------------+-------------------------------+-----
Maces & Flails | 3 4 5 6 7 9 11 | 11.8
Dodging        | 3 |  3.0
Throwing       | 2 |  2.0
Armour         | 1 3 4 |  4.0
Stealth        | 1 2 |  2.0
Shields        | 1 3 |  3.0
Invocations    | 1 2 |  2.3
Evocations     | 1 |  1.0
Fighting       | 4 |  4.0

Action                     |  1- 3 |  4- 6 |  7- 9 | 10-12 || total
---------------------------+-------+-------+-------+-------++-------
  Melee: Flail             |   118 |    69 |       |       ||   187
         Punch             |     3 |       |       |       ||     3
         Headbutt          |     8 |    15 |    39 |     4 ||    66
         Morningstar       |       |    18 |   194 |    16 ||   228
         Broad axe         |       |       |    14 |       ||    14
  Throw: Stone             |    10 |     6 |     8 |       ||    24
         Dart              |     3 |     3 |       |       ||     6
         Javelin           |     1 |       |       |       ||     1
  Evoke: Wand              |       |       |       |     1 ||     1
    Use: Scroll            |     9 |     2 |     5 |       ||    16
         Potion            |       |       |     2 |     1 ||     3
   Stab: Invisible         |       |       |     1 |       ||     1
 Armour: Leather armour    |    20 |       |       |       ||    20
         Ring mail         |     1 |    16 |       |       ||    17
         Scale mail        |       |     6 |       |       ||     6
         Chain mail        |       |     9 |   103 |     7 ||   119
  Dodge: Dodged            |    82 |    57 |   128 |    18 ||   285
  Block: Buckler           |       |     6 |    45 |     3 ||    54

Table legend: (Time is in decaauts)
 A = Elapsed time spent in this place.
 B = Non-inter-level travel time spent in this place.
 C = Inter-level travel time spent in this place.
 D = Time resting spent in this place.
 E = Time spent auto-exploring this place.
 F = Levels seen in this place.
 G = Mean time per level.
                   A        B        C        D        E       F      G
               +--------+--------+--------+--------+--------+-----+--------+
         Total |   7402 |   6459 |    943 |   1061 |   3415 |  10 |  740.2 |
       Dungeon |   6711 |   5804 |    907 |    882 |   3074 |   7 |  958.7 |
        Temple |    328 |    292 |     36 |      0 |    281 |   1 |  328.0 |
         Sewer |    126 |    126 |      0 |      0 |     46 |   1 |  126.0 |
        Bailey |    235 |    235 |      0 |    179 |     14 |   1 |  235.0 |
               +--------+--------+--------+--------+--------+-----+--------+

Top non-repeatable levels by time:
     D:6: 1781 daAuts
     D:4: 1179 daAuts
     D:1: 949 daAuts
     D:5: 903 daAuts
     D:3: 813 daAuts
     D:2: 651 daAuts
     D:7: 431 daAuts
  Temple: 328 daAuts
  Bailey: 235 daAuts
   Sewer: 126 daAuts
